 Dungeon Crawl Stone Soup version 0.21-a0-400-g417d9d2 (webtiles) character file.

30 tof the Chopper (level 3, -2/33 HPs)
             Began as a Minotaur Monk on Oct 20, 2017.
             Slain by an adder (3 damage)
             ... on level 2 of the Dungeon.
             The game lasted 00:01:15 (740 turns).

tof the Chopper (Minotaur Monk)                      Turns: 740, Time: 00:01:15

Health: -2/33      AC:  2    Str: 16    XL:     3   Next: 3%
Magic:  2/2        EV: 13    Int:  7    God:
Gold:   10         SH:  0    Dex: 12    Spells: 2/2 levels left

rFire    . . .     SeeInvis .   a - +0 hand axe
rCold    . . .     Gourm    .   (no shield)
rNeg     . . .     Faith    .   b - +0 robe
rPois    .         Spirit   .   (helmet restricted)
rElec    .         Reflect  .   (no cloak)
rCorr    .         Harm     .   (no gloves)
MR       .....                  (no boots)
Stlth    ++........             (no amulet)
HPRegen  0.11/turn              (no ring)
MPRegen  0.08/turn              (no ring)

@: lethally poisoned (-2 -> -7)
A: retaliatory headbutt, horns 2
a: no special abilities


You were on level 2 of the Dungeon.
You were not hungry.

You visited 1 branch of the dungeon, and saw 2 of its levels.

You collected 10 gold pieces.

Inventory:

Hand Weapons
 a - a +0 hand axe (weapon)
Armour
 b - a +0 robe (worn)
Scrolls
 e - 2 scrolls of remove curse {unknown}
 f - a scroll of identify {unknown}
 h - a scroll of blinking {unknown}
 i - a scroll of immolation {unknown}
 n - a scroll of fear {unknown}
 o - a scroll of amnesia {unknown}
Potions
 j - a potion of flight {unknown}
 k - a potion of curing {unknown}
Comestibles
 c - a bread ration
 d - 2 chunks of flesh
 g - 2 royal jellies
 l - 3 fruits
 m - a meat ration


   Skills:
 + Level 4.0 Fighting
 * Level 4.4 Axes
 + Level 1.3 Armour
 - Level 3.2 Dodging
 - Level 1.5 Stealth


You had 2 spell levels left.
You didn't know any spells.

Dungeon Overview and Level Annotations

Branches:
Dungeon (2/15)

Altars:

Annotations:
D:2 Jessica


Innate Abilities, Weirdness & Mutations

You reflexively headbutt those who attack you in melee.
You have a pair of horns on your head.


Message History

The adder is severely wounded.
The adder bites you.
* * * LOW HITPOINT WARNING * * *
The adder closely misses you. You furiously retaliate!
You headbutt the adder! You miss the adder. Your headbutt misses the adder.
The adder is severely wounded.
You hit the adder but do no damage. The adder completely misses you.
You furiously retaliate!
You headbutt the adder, but do no damage.
The adder bites you.
* * * LOW HITPOINT WARNING * * *
You are lethally poisoned!
The adder poisons you!
You hit the adder but do no damage.
You headbutt the adder, but do no damage.
The adder is severely wounded.
You miss the adder.
* * * LOW HITPOINT WARNING * * *
You feel sick. The adder completely misses you. The adder bites you.
You die...

#### ..###
#... #..#
###..
##.S##......
##..@Sgg.....
##.(####@.....
#..## .....
#.## .$.. #.#
g.. ### #.# ..
..## ##.# #
..# #..# #.#
#.##


You could see 2 adders, Jessica and 2 goblins.

Vanquished Creatures
  A worm (D:2)
  A leopard gecko (D:2)
  3 bats (D:1)
  2 giant cockroaches
  7 goblins
  A hobgoblin (D:1)
  5 kobolds
  5 rats (D:1)
25 creatures vanquished.

Vanquished Creatures (others)
  4 toadstools (D:1)
4 creatures vanquished.

Grand Total: 29 creatures vanquished

Notes
Turn   | Place    | Note
-------+----------+-------------------------------------------
     0 | D:1      | tof the Minotaur Monk began the quest for the Orb.
     0 | D:1      | Reached XP level 1. HP: 19/19 MP: 0/0
    67 | D:1      | Reached XP level 2. HP: 23/27 MP: 1/1
   154 | D:1      | Reached skill level 1 in Armour
   728 | D:2      | Noticed Jessica
   733 | D:2      | Reached XP level 3. HP: 22/33 MP: 2/2
   740 | D:2      | HP: 1/33 [poisoned by an adder]
   740 | D:2      | Slain by an adder

Vault maps used:
D:1:      ldierk_walled_garden_2
D:2:      uniq_natasha, uniq_jessica

Skill      XL: |  1  2 |
---------------+-------+-----
Axes           | 4 |  4.4
Armour         | 1 |  1.3
Fighting       | 4 |  4.0
Dodging        | |  3.2
Stealth        | |  1.5

Action                   || total
-------------------------++-------
Melee: Hand axe          ||    63
       Headbutt          ||     6
 Stab: Sleeping          ||     3
Armor: Robe              ||     8
Dodge: Dodged            ||    42

Table legend:
 A = Spawn XP
 B = Non-spawn XP
 C = Spawn XP percentage of total XP
 D = Spawn monster count
 E = Non-spawn monster count
 F = Spawn count percentage of total count
 G = Total turns spent on level
                    A         B        C        D         E        F      G
               +---------+---------+-------+---------+---------+-------+---------
         Total |       0 |      43 |   0.0 |       0 |      25 |   0.0 |   740
               +---------+---------+-------+---------+---------+-------+---------
           D:1 |       0 |      28 |   0.0 |       0 |      19 |   0.0 |   656
           D:2 |       0 |      15 |   0.0 |       0 |       6 |   0.0 |    84
               +---------+---------+-------+---------+---------+-------+---------
